 Dungeon Crawl Stone Soup version 0.16.0-17-g811c1d7 (webtiles) character file.

107 hulla the Changer (level 4, 0/28 HPs)
             Began as an Octopode Transmuter on Mar 20, 2015.
             Succumbed to an adder's poison
             ... on level 2 of the Dungeon.
             The game lasted 00:09:35 (1710 turns).

hulla the Changer (Octopode Transmuter)             Turns: 1710, Time: 00:09:35

Health: 0/28       AC:  1    Str: 14      XL:     4   Next: 85%
Magic:  7/7        EV: 12    Int: 18 (21) God:
Gold:   70         SH:  0    Dex: 12      Spells: 2 memorised, 3 levels left

rFire  . . .     SeeInvis .       - Unarmed
rCold  . . .     Clarity  .     (no shield)
rNeg   . . .     SustAb   .     (helmet restricted)
rPois  .         Gourm    .     e - amulet of inaccuracy (curse)
rElec  .         Spirit   .     (no ring)
rCorr  .         Warding  .     (no ring)
rMut   .         Stasis   .     (no ring)
MR     .....                    (no ring)
Stlth  ++........               (no ring)
                                (no ring)
                                (no ring)
                                (no ring)

@: mighty, brilliant, lethally poisoned (0 -> -9), not resistant to hostile
enchantments, unstealthy
A: almost no armour, amphibious, 8 rings, constrict 8, camouflage 1, gelatinous
body 1
a: no special abilities


You were on level 2 of the Dungeon.
You were not hungry.

You visited 1 branch of the dungeon, and saw 2 of its levels.

You collected 70 gold pieces.

Inventory:

Hand weapons
 m - a cursed -2 short sword
Missiles
 b - 12 arrows
 c - 83 stones (quivered)
Jewellery
 e - a cursed amulet of inaccuracy (around mantle)
 k - an uncursed ring of fire
Scrolls
 i - 3 scrolls of enchant armour {unknown}
Potions
 f - 3 potions of brilliance
 g - a potion of might
Books
 d - a book of Changes

   Spells                             Type                      Level
   a - Beastly Appendage              Transmutation                1
   b - Sticks to Snakes               Transmutation                2
   c - Spider Form                    Transmutation/Poison         3
   d - Ice Form                       Ice/Transmutation            4
   e - Blade Hands                    Transmutation                5
Comestibles
 a - 3 bread rations
 h - a slice of pizza
 n - 6 chunks of flesh


   Skills:
 - Level 1.0 Fighting
 - Level 2.0 Dodging
 - Level 3.0 Unarmed Combat
 - Level 2.0 Spellcasting
 + Level 3.9 Transmutations
 * Level 3.1 Poison Magic


You had 3 spell levels left.
You knew the following spells:

 Your Spells              Type           Power        Failure   Level  Hunger
a - Beastly Appendage     Trmt           ####..       1%          1    #......
b - Spider Form           Trmt/Pois      ####......   1%          3    ###....


Dungeon Overview and Level Annotations

Branches:
Dungeon (2/15)

Altars:


Innate Abilities, Weirdness & Mutations

You cannot wear most types of armour.
You are amphibious.
You can wear up to eight rings at the same time.
You can use your tentacles to constrict many enemies at once.
Your skin changes colour to match your surroundings (Stealth).
Your rubbery body absorbs attacks (AC +1).


Message History

The adder is almost dead.
* * * LOW HITPOINT WARNING * * *
You feel sick. The adder bites you.
* * * LOW HITPOINT WARNING * * *
Drink which item? (? for menu, Esc to quit)
It was a potion of degeneration.
There was something very wrong with that liquid.
You feel dopey.
* * * LOW HITPOINT WARNING * * *
You feel sick. The adder barely misses you.
You tentacle-slap the adder!
You kill the adder!
Your Poison Magic skill increases to level 3!
* * * LOW HITPOINT WARNING * * *
You feel sick.
Drink which item? (? for menu, Esc to quit)
Okay, then.
A bat comes into view.
Your tentacle spike disappears.
You die...

#.#.#.#
###'####
.....# #'# .
.#b#.# ... #
....# ....
.... ....# #
#.. [....# #
#.# .....#.#
#.##### ...#.
#@....# ..
#.# #.....#
.....#..
#.....#
..(..'..
#.....#
.....###
#.##### .. #
#.# # #.# #
#.######### #
#.........###
#


You could see a bat.

Vanquished Creatures
  Jessica (D:2)
  4 adders (D:2)
  A worm (D:2)
  5 giant geckos
  An ooze (D:2)
  3 bats
  2 goblins
  8 hobgoblins
  4 jackals (D:2)
  A quokka (D:2)
  3 giant cockroaches
  5 kobolds
  5 rats
43 creatures vanquished.

Notes
Turn   | Place    | Note
--------------------------------------------------------------
     0 | D:1      | hulla, the Octopode Transmuter, began the quest for the Orb.
     0 | D:1      | Reached XP level 1. HP: 13/13 MP: 3/3
    49 | D:1      | Reached XP level 2. HP: 11/18 MP: 4/4
   768 | D:2      | Reached XP level 3. HP: 1/23 MP: 6/6
   773 | D:2      | Learned a level 3 spell: Spider Form
  1045 | D:2      | Reached skill level 1 in Poison Magic
  1102 | D:2      | Reached XP level 4. HP: 19/28 MP: 5/7
  1645 | D:2      | Noticed Jessica
  1651 | D:2      | Killed Jessica
  1708 | D:2      | HP: 1/28 [poisoned by an adder]
  1710 | D:2      | Succumbed to an adder's poison

Action                   |  1- 3 |  4- 6 || total
-------------------------+-------+-------++-------
Melee: Unarmed           |    78 |    63 ||   141
Throw: Stone             |     3 |     3 ||     6
 Cast: Beastly Appendage |    11 |     7 ||    18
       Spider Form       |       |     3 ||     3
  Use: Scroll            |     1 |     4 ||     5
       Potion            |       |     3 ||     3
 Stab: Sleeping          |     1 |     1 ||     2
  Eat: Chunk             |     1 |     2 ||     3
